 Dungeon Crawl Stone Soup version 0.30-a0-553-g7fabdf1491 (webtiles) character file.

Game seed: 2983423560798021402

60 Jase the Sneak (level 4, -2/30 HPs)
             Began as an Octopode Brigand on Dec 26, 2022.
             Killed from afar by Sigmund (9 damage)
             ... with a magic dart
             ... on level 2 of the Dungeon.
             The game lasted 00:02:21 (1198 turns).

Jase the Sneak (Octopode Brigand)                   Turns: 1198, Time: 00:02:21

Health: -2/30      AC:  1    Str: 10    XL:     4   Next: 6%
Magic:  4/4        EV: 13    Int: 13    God:
Gold:   139        SH:  0    Dex: 15    Spells: 3/3 levels left

rFire   . . .      SeeInvis .    a - +2 dagger
rCold   . . .      Faith    .    (no shield)
rNeg    . . .      Spirit   .    (helmet restricted)
rPois   .          Reflect  .    (no amulet)
rElec   .          Harm     .    (no ring)
rCorr   .          Rampage  .    (no ring)
Will    .....                    (no ring)
Stlth   ++                       (no ring)
HPRegen 0.25/turn                (no ring)
MPRegen 0.09/turn                (no ring)
                                 (no ring)
                                 (no ring)

@: confused
A: almost no armour, amphibious, 8 rings, camouflage 1, gelatinous body 1,
(nimble swimmer 1), tentacles
a: no special abilities


You were on level 2 of the Dungeon.
You visited 1 branch of the dungeon, and saw 2 of its levels.

You collected 139 gold pieces.

Inventory:

Hand Weapons
 a - a +2 dagger (weapon)
Missiles
 b - 9 poisoned darts (quivered)
 c - 3 curare-tipped darts
 l - a throwing net
Scrolls
 g - a scroll of identify {unknown}
 j - a scroll of summoning {unknown}
 k - 2 scrolls of teleportation {unknown}
 o - a scroll of magic mapping {unknown}
Potions
 d - a potion of degeneration {unknown}
 e - a potion of attraction {unknown}
 f - 2 potions of might {unknown}
 h - a potion of mutation {unknown}
 i - a potion of cancellation {unknown}
 m - 2 potions of haste {unknown}
 n - a potion of lignification {unknown}


   Skills:
 + Level 2.7 Fighting
 + Level 2.7 Short Blades
 - Level 2.0 Throwing
 + Level 1.9 Dodging
 + Level 5.9 Stealth


You had 3 spell levels left.
You didn't know any spells.
Your spell library was empty.

Dungeon Overview and Level Annotations

Branches:
Dungeon (2/15)

Altars:
Makhleb

Annotations:
D:2 Sigmund


Innate Abilities, Weirdness & Mutations

You cannot wear most types of armour.
You are amphibious.
You can wear up to eight rings at the same time.
Your skin changes colour to match your surroundings (Stealth+).
Your rubbery body absorbs attacks. (AC +1, EV +1)
((You are camouflaged when in or above water. (Stealth+)))
You have tentacles for arms and can constrict up to eight enemies at once.


Message History

The giant cockroach is severely wounded.
You constrict the giant cockroach.
You kill the giant cockroach!
No target in view!
Found a stone staircase leading up.
An adder comes into view.
Found 15 gold pieces.
There is a stone staircase leading up here.
The helpless adder fails to defend itself.
You impale the adder!!
You kill the adder!
You have reached level 4!
A kobold comes into view. It is wielding a +0 dagger.
A kobold is nearby!
Sigmund the Dreaded comes into view.
He is wielding a +0 scythe and wearing a +2 robe of willpower.
The kobold shouts!
You see here 15 gold pieces.
The kobold hits you with a +0 dagger.
You hit the kobold but do no damage. You grab the kobold.
You constrict the kobold. The kobold barely misses you.
Sigmund gestures wildly while chanting.
Sigmund flickers and vanishes!
Deactivating autopickup; reactivate with Ctrl-A.
You hit the kobold. You squeeze the kobold.
You kill the kobold!
No target in view!
Something hits you!
Things that are here:
a +0 dagger; 4 stones; a kobold corpse Something hits you!
* * * LOW HITPOINT WARNING * * *
You miss something. Your squeeze misses something. You hit something.
You hear some strange, mumbled words.
You are confused.
You bump into the rock wall.
You hear some strange, mumbled words.
A magic dart appears from out of thin air!
The magic dart hits you!
You die...

.. . .. .# ###.♣♣.
#..... #.... ... #{#
#@# #)# #.#####.. .#
#$......# #.
#.####### ##..## #.#
# ......###.# #
.####.....########
##
##......#....†......
..


There were no monsters in sight!

Vanquished Creatures
  2 adders (D:2)
  A worm (D:2)
  2 endoplasms (D:1)
  4 giant cockroaches
  2 goblins (D:1)
  3 hobgoblins
  3 jackals (D:1)
  A quokka (D:1)
  3 ball pythons
  6 bats
  2 frilled lizards (D:1)
  5 kobolds
  3 rats
37 creatures vanquished.

Notes
Turn   | Place    | Note
-------+----------+-------------------------------------------
     0 | D:1      | Jase the Octopode Brigand began the quest for the Orb.
     0 | D:1      | Reached XP level 1. HP: 14/14 MP: 1/1
    74 | D:1      | Reached XP level 2. HP: 19/19 MP: 2/2
   716 | D:1      | Reached XP level 3. HP: 23/25 MP: 3/3
   958 | D:2      | Upgraded the game from 0.30-a0-540-g0af01429fa to
                  | 0.30-a0-553-g7fabdf1491
  1023 | D:2      | Found a burning altar of Makhleb.
  1185 | D:2      | Reached XP level 4. HP: 30/30 MP: 4/4
  1190 | D:2      | Noticed Sigmund
  1198 | D:2      | Killed from afar by Sigmund

Illustrated notes

Levels and vault maps discovered:
D:1:      minmay_arrival_four_circles, layout_loops_corners, minmay_pentomino_v4
D:2:      layout_rooms, serial_shops, nicolae_diamond_shop,
          ebering_ecumenical_altar_mist, serial_curves, eino_curves_03,
          eino_curves_04, basic_altar, chequers_mini_garden, uniq_sigmund

Action                   |  1- 3 |  4- 6 || total
-------------------------+-------+-------++-------
Melee: Dagger            |    58 |     4 ||    62
       Constrict         |    11 |     1 ||    12
       Tentacles         |     6 |     1 ||     7
       Punch             |     2 |       ||     2
 Stab: Sleeping          |    21 |       ||    21
Armor: Skin              |     7 |       ||     7
Dodge: Dodged            |    41 |     1 ||    42

Table legend: (Time is in decaauts)
 A = Elapsed time spent in this place.
 B = Non-inter-level travel time spent in this place.
 C = Inter-level travel time spent in this place.
 D = Time resting spent in this place.
 E = Time spent auto-exploring this place.
 F = Levels seen in this place.
 G = Mean time per level.
                   A        B        C        D        E       F      G
               +--------+--------+--------+--------+--------+-----+--------+
         Total |   1190 |   1179 |     11 |    148 |    802 |   2 |  595.0 |
       Dungeon |   1190 |   1179 |     11 |    148 |    802 |   2 |  595.0 |
               +--------+--------+--------+--------+--------+-----+--------+

Top non-repeatable levels by time:
     D:1: 952 daAuts
     D:2: 238 daAuts
